 Dungeon Crawl Stone Soup version 0.29-a0-299-g4c793a2ed2 (webtiles) character file.

Game seed: 13323648292131848505

14 kae the Firebug (level 2, 0/16 HPs)
             Began as a Tengu Fire Elementalist on Mar 24, 2022.
             Slain by a rat (2 damage)
             ... on level 1 of the Dungeon.
             The game lasted 00:00:22 (297 turns).

kae the Firebug (Tengu Fire Elementalist)            Turns: 297, Time: 00:00:22

Health: 0/16       AC:  2    Str:  8    XL:     2   Next: 45%
Magic:  4/6        EV: 12    Int: 15    God:
Gold:   0          SH:  0    Dex: 14    Spells: 4/5 levels left

rFire   . . .      SeeInvis .   (no weapon)
rCold   . . .      Faith    .   (no shield)
rNeg    . . .      Spirit   .   a - +0 robe
rPois   .          Reflect  .   (helmet restricted)
rElec   .          Harm     .   (no cloak)
rCorr   .          Rampage  .   (no gloves)
Will    .....                   (boots unavailable)
Stlth   ++........              (no amulet)
HPRegen 0.05/turn               (no ring)
MPRegen 0.10/turn               (no ring)

@: no status effects
A: beak, talons 3
a: no special abilities


You were on level 1 of the Dungeon.
You visited 1 branch of the dungeon, and saw 1 of its levels.

Inventory:

Armour
 a - a +0 robe (worn)


   Skills:
 + Level 0.6 Fighting
 - Level 2.1 Dodging
 - Level 2.0 Stealth
 + Level 2.1 Spellcasting
 + Level 1.9 Conjurations
 * Level 3.6 Fire Magic


You had 4 spell levels left.
You knew the following spells:

 Your Spells              Type           Power      Damage    Failure   Level
a - Foxfire               Conj/Fire      40%        2x1d6     7%          1

Your spell library contained the following spells:

 Spells                   Type           Power      Damage    Failure   Level
 Scorch                   Fire           24%        2d6       8%          2
 Conjure Flame            Conj/Fire      10%        6-21      21%         3
 Inner Flame              Hex/Fire       7%         N/A       30%         3
 Flame Wave               Conj/Fire      10%        2d5       56%         4


Dungeon Overview and Level Annotations

Branches:
Dungeon (1/15)

Altars:


Innate Abilities, Weirdness & Mutations

You have a beak for a mouth.
You have claws for feet.


Message History

The jackal misses you. The jackal barely misses you.
You hit the jackal but do no damage. You peck the jackal, but do no damage.
The jackal is severely wounded.
The jackal bites you.
You barely miss the jackal.
The jackal is severely wounded.
The jackal bites you.
An endoplasm comes into view.
The jackal bites you.
Your magical contamination has completely faded away.
You completely miss the jackal.
The endoplasm quivers.
Your kick misses the jackal.
The jackal is severely wounded.
The jackal barely misses you. The rat bites you but does no damage.
You barely miss the jackal. You claw the jackal.
You kill the jackal!
The rat closely misses you.
Okay, then.
Magic courses through your body. The jackal completely misses you.
The jackal bites you but does no damage.
The rat barely misses you.
Casting: Foxfire (safe; 7% risk of failure)
Confirm with . or Enter, or press ? or * to list all spells.
You conjure some foxfire!
The jackal bites you but does no damage.
The rat bites you.
The foxfire hits the rat.
The rat is heavily wounded.
The jackal bites you but does no damage.
The rat misses you. The jackal barely misses you.
Casting: Foxfire (safe; 7% risk of failure)
Confirm with . or Enter, or press ? or * to list all spells.
You conjure some foxfire!
The jackal misses you. The rat bites you.
* * * LOW HITPOINT WARNING * * *
The foxfire hits the rat but does no damage.
The jackal bites you.
* * * LOW HITPOINT WARNING * * *
The rat bites you.
You die...

#....≈≈≈≈≈....
#.#..###.###..≈≈≈≈≈≈.≈.#
#.#...[#..##.≈≈≈≈≈≈≈≈..#
##.#....#.. #.≈≈≈≈.≈≈...#
.......#.. #.≈≈..<..≈≈≈.
######.....#.# #≈≈.≈≈..≈≈≈.#
.........(# .# #..≈≈≈.≈≈≈≈.#
......)...##r####.≈≈≈≈≈≈≈..#
...).....Jh@.##.#≈.≈≈≈≈.....
....†.#..######.≈..≈≈≈≈..#.#
......#..######...≈.≈.≈≈.##.
........>....#..#......≈...#
......######.##..#...#......
...... #.## #.#.##...#.
..... #.# ##.#.###.## ?...
#.# #.##..#### ... #.# ##
##...##


You could see an endoplasm, a jackal and a rat.

Vanquished Creatures
  2 bats (D:1)
  An endoplasm (D:1)
  2 goblins (D:1)
  A hobgoblin (D:1)
  3 jackals (D:1)
  A quokka (D:1)
  A kobold (D:1)
  A rat (D:1)
12 creatures vanquished.

Vanquished Creatures (others)
  27 foxfires (D:1)
27 creatures vanquished.

Grand Total: 39 creatures vanquished

Notes
Turn   | Place    | Note
-------+----------+-------------------------------------------
     0 | D:1      | kae the Tengu Fire Elementalist began the quest for the
                  | Orb.
     0 | D:1      | Reached XP level 1. HP: 10/10 MP: 4/4
   222 | D:1      | Reached XP level 2. HP: 16/16 MP: 4/6
   297 | D:1      | Slain by a rat

Illustrated notes

Levels and vault maps discovered:
D:1:      dpeg_arrival_subterranean_lakeside_camping, layout_basic

Action                   || total
-------------------------++-------
Melee: Unarmed           ||    22
       Kick              ||     5
       Peck              ||     3
 Cast: Foxfire           ||    18
  Use: Potion            ||     1
Armor: Robe              ||     8
Dodge: Dodged            ||    30

Table legend: (Time is in decaauts)
 A = Elapsed time spent in this place.
 B = Non-inter-level travel time spent in this place.
 C = Inter-level travel time spent in this place.
 D = Time resting spent in this place.
 E = Time spent auto-exploring this place.
 F = Levels seen in this place.
 G = Mean time per level.
                   A        B        C        D        E       F      G
               +--------+--------+--------+--------+--------+-----+--------+
         Total |    297 |    297 |      0 |      0 |    216 |   1 |  297.0 |
       Dungeon |    297 |    297 |      0 |      0 |    216 |   1 |  297.0 |
               +--------+--------+--------+--------+--------+-----+--------+

Top non-repeatable levels by time:
     D:1: 297 daAuts
